 Dungeon Crawl Stone Soup version 0.17-a0-1037-gbf358b4 (webtiles) character file.

14165 inmateoo the Destroyer (level 11, -4/54 HPs)
             Began as a Deep Elf Conjurer on May 14, 2015.
             Was an Elder of Vehumet.
             Slain by a rust devil (7 damage)
             ... summoned by a kobold demonologist
             ... on level 12 of the Dungeon.
             The game lasted 00:34:44 (13209 turns).

inmateoo the Destroyer (Deep Elf Conjurer)         Turns: 13209, Time: 00:34:45

Health: -4/54      AC:  7    Str:  9    XL:     11   Next: 85%
Magic:  10/24      EV: 19    Int: 25    God:    Vehumet [****..]
Gold:   134        SH:  0    Dex: 17    Spells: 5 memorised, 16 levels left

rFire  . . .     SeeInvis .     o - +9 demon blade of Unreason {drain, Int+3 Dex+3}
rCold  + . .     Clarity  +     A - +1 robe {MR+}
rNeg   . . .     SustAb   .     (no shield)
rPois  .         Gourm    .     (no helmet)
rElec  .         Spirit   .     q - +1 cloak
rCorr  .         Warding  .     (no gloves)
rMut   +         Stasis   .     Q - +0 pair of boots
MR     ++...                    x - amulet of Goiko Att {rMut Str+6}
Stlth  +++++.....               k - ring of protection from cold
                                N - ring of stealth

@: corroded equipment, very resistant to hostile enchantments, quite stealthy
A: molten scales 1, rough black scales 1, clarity, dopey 1, frail 1, low mp 1,
shaggy fur 1, spit poison 1, weak 1, wild magic 1, no device heal 1
a: Spit Poison, Renounce Religion


You were on level 12 of the Dungeon.
You worshipped Vehumet.
Vehumet was greatly pleased with you.
You were very hungry.

You visited 2 branches of the dungeon, and saw 13 of its levels.
You also visited: Ossuary.

You collected 617 gold pieces.
You spent 483 gold pieces at shops.

Inventory:

Hand weapons
 o - the +9 demon blade of Unreason (weapon) {drain, Int+3 Dex+3}
   (You bought it in a shop on level 4 of the Dungeon)

   A truly terrible weapon, it drains the life of those it strikes.
   It affects your intelligence (+3).
   It affects your dexterity (+3).
Armour
 q - a +1 cloak (worn)
 A - a +1 robe of magic resistance (worn)
 Q - a +0 pair of boots (worn)
Magical staves
 a - an uncursed staff of death
Jewellery
 k - a ring of protection from cold (right hand)
 p - an uncursed ring of teleportation
 w - an uncursed amulet of stasis
 x - the amulet of Goiko Att (around neck) {rMut Str+6}
   (You found it on level 5 of the Dungeon)

   [amulet of resist mutation]

   It protects you from mutation.
   It affects your strength (+6).
 F - an uncursed amulet of regeneration
 N - a ring of stealth (left hand)
Magical devices
 h - a wand of heal wounds (6)
 r - a wand of fireball (10)
 B - a wand of lightning (10)
 C - a wand of magic darts (16)
 D - a wand of flame (16)
 I - a wand of frost (2)
Scrolls
 d - 8 scrolls of teleportation
 i - 4 scrolls of enchant armour
 j - 5 scrolls of enchant weapon
 t - a scroll of fear
 y - a scroll of remove curse
 H - a scroll of fog
 K - a scroll of blinking
 L - a scroll of amnesia
 O - 2 scrolls of recharging
 R - a scroll of identify
Potions
 e - a potion of might
 g - a potion of lignification
 n - 3 potions of curing
 s - 2 potions of agility
 u - 2 potions of resistance
 z - 2 potions of brilliance
 E - 3 potions of haste
 J - a potion of cancellation
Books
 b - a book of Conjurations

   Spells                             Type                      Level
   a - Magic Dart                     Conjuration                  1
   b - Searing Ray                    Conjuration                  2
   c - Dazzling Spray                 Conjuration/Hexes            3
   d - Fulminant Prism                Conjuration/Hexes            4
   e - Iskenderun's Mystic Blast      Conjuration                  4
   f - Iskenderun's Battlesphere      Conjuration/Charms           5
 v - a Young Poisoner's Handbook

   Spells                             Type                      Level
   a - Sting                          Conjuration/Poison           1
   b - Cure Poison                    Poison                       2
   c - Mephitic Cloud                 Conjuration/Poison/Air       3
   d - Olgreb's Toxic Radiance        Poison                       4
   e - Venom Bolt                     Conjuration/Poison           5
 G - a book of Envenomations

   Spells                             Type                      Level
   a - Spider Form                    Transmutation/Poison         3
   b - Alistair's Intoxication        Transmutation/Poison         4
   c - Olgreb's Toxic Radiance        Poison                       4
   d - Poisonous Cloud                Conjuration/Poison/Air       6
 P - a Necronomicon {highlevel, unknown}

   This book is beyond your current level of understanding.

   Spells                             Type                      Level
   a - Haunt                          Necromancy/Summoning         7
   b - Borgnjor's Revivification      Necromancy                   8
   c - Death's Door                   Charms/Necromancy            8
   d - Necromutation                  Transmutation/Necromancy     8
 S - a book of Spatial Translocations

   Spells                             Type                      Level
   a - Apportation                    Translocation                1
   b - Blink                          Translocation                2
   c - Shroud of Golubria             Charms/Translocation         2
   d - Portal Projectile              Translocation                3
   e - Teleport Other                 Translocation                3
   f - Passage of Golubria            Translocation                4
Miscellaneous
 m - a legendary deck of war
Comestibles
 c - 7 bread rations
 f - 6 slices of pizza
 l - 6 meat rations
 M - 20 fruits


   Skills:
 - Level 3.0 Fighting
 * Level 5.3 Long Blades
 + Level 9.5 Dodging
 - Level 9.3 Stealth
 + Level 10.5 Spellcasting
 * Level 12.5 Conjurations
 - Level 5.3 Hexes
 - Level 6.0 Charms


You had 16 spell levels left.
You knew the following spells:

 Your Spells              Type           Power        Failure   Level  Hunger
a - Magic Dart            Conj           ####         1%          1    None
b - Searing Ray           Conj           ######       1%          2    None
c - Dazzling Spray        Conj/Hex       ######..     1%          3    None
d - Iskenderun's Mystic   Conj           #######.     1%          4    None
e - Iskenderun's Battles  Conj/Chrm      ######..     2%          5    ####...


Dungeon Overview and Level Annotations

Branches:
Dungeon (12/15)            Temple (1/1) D:6            Lair (0/8) D:10
    Orc (0/4) D:9

Altars:
Ashenzari
Cheibriados
Dithmenos
Elyvilon
Fedhas
Gozag
Kikubaaqudgha
Makhleb
Nemelex Xobeh
Okawaru
Qazlal
Ru
Sif Muna
Trog
Vehumet
Xom
Yredelemnul
Zin
The Shining One
Beogh

Shops:
D:4 *   D:7 *   D:9 *


Innate Abilities, Weirdness & Mutations

You are partially covered in molten scales (AC +1).
You are partially covered in rough black scales (AC +4, Dex -1).
You possess an exceptional clarity of mind.
You are dopey. (Int -2)
You are frail (-10% HP).
Your magical capacity is low (-10% MP).
You are covered in fur (AC +1).
You can spit weak poison.
You are weak. (Str -2)
Your spells are a little harder to cast, but a little more powerful.
Potions and wands are less effective at restoring your health.


Message History

Press: ? - help, Shift-Dir - straight line, p - kobold demonologist The searing ray hits the big kobold.
The big kobold is severely wounded.
The kobold hits you but does no damage. The big kobold completely misses you.
The rust devil hits you!
* * * LOW HITPOINT WARNING * * *
The rust devil corrodes your equipment!
Unknown command.
The searing ray hits the big kobold.
The big kobold is severely wounded.
The kobold closely misses you. The rust devil completely misses you.
Unknown command.
The searing ray hits the kobold demonologist.
The kobold demonologist is almost dead.
The kobold barely misses you.
The big kobold hits you with a scimitar.
* * * LOW HITPOINT WARNING * * *
The kobold demonologist gestures wildly while chanting.
The rust devil hits you!
You die...

.##.....##W...
.##.....##....#
.##.....# . ####
###.....# .. #..##
#.##+## ... #...
#.# #....##..# #.#
#.. .... #.#
#.#####.### #.#
#....3K@K.# #.#
##..#.#4K#.# #.#
... #53#.# #.# #.#
#55#.# #.# #.#
#.)#.# #.######.#
#..#.#
#........##.#..#.#
#######.....#..#.#
#.########.#


You could see a soul eater, a rust devil, a kobold demonologist, a ynoxinul, a
big kobold, 3 ufetubi and a kobold.

Vanquished Creatures
  Erolcha (D:12)
  A hydra (D:11)
  An unseen horror (D:7)
  2 hill giants
  Pikel (D:4)
  Joseph (D:10)
  Psyche (D:12)
  3 centaur skeletons
  A komodo dragon (D:10)
  A red devil (D:12)
  2 trolls (D:10)
  A two-headed ogre (D:11)
  A trapdoor spider (D:10)
  A steam dragon (D:12)
  8 yaks
  A hungry ghost (D:8)
  2 wraiths (Ossuary)
  3 wolves (D:10)
  2 hippogriffs
  Edmund (D:6)
  7 orc warriors
  3 sky beasts
  2 water moccasins
  2 wasps
  Purgy (D:4)
  3 phantoms
  2 ice beasts
  4 slaves
  5 ogres
  A crocodile (D:8)
  3 centaurs
  5 big kobolds
  Blork the orc (D:3)
  The ghost of Dargon the Ducker, an average FeTm (D:3)
  4 giant frogs
  13 wights
  4 scorpions
  A quasit (D:8)
  2 electric eels (D:7)
  2 giant frog zombies
  A centaur zombie (D:6)
  A jelly (D:8)
  A giant frog skeleton (D:11)
  5 crimson imps
  9 orc priests
  11 hounds
  3 iguanas
  8 worker ants
  2 sheep (D:11)
  8 orc wizards
  2 killer bee zombies
  Robin (D:3)
  8 adders
  A shadow imp (D:6)
  2 oozes
  2 adder skeletons (D:8)
  3 worms
  A giant gecko (D:2)
  65 orcs
  2 ball pythons (D:1)
  A bat skeleton (D:8)
  5 giant cockroaches
  11 hobgoblins
  5 jackals
  18 kobolds
  6 quokkas
  2 ball python skeletons (Ossuary)
  17 bats
  A giant gecko skeleton (D:4)
  4 giant newts
  12 goblins
  2 hobgoblin zombies (Ossuary)
  A jackal skeleton (D:4)
  A kobold zombie (Ossuary)
  2 orc skeletons (Ossuary)
  2 orc zombies (Ossuary)
  13 rats
  A butterfly (D:3)
341 creatures vanquished.

Vanquished Creatures (collateral kills)
  An adder (D:4)
1 creature vanquished.

Vanquished Creatures (others)
  A bat (D:10)
  A plant (D:4)
2 creatures vanquished.

Grand Total: 344 creatures vanquished

Notes
Turn   | Place    | Note
--------------------------------------------------------------
     0 | D:1      | inmateoo the Deep Elf Conjurer began the quest for the Orb.
     0 | D:1      | Reached XP level 1. HP: 10/10 MP: 6/6
   639 | D:1      | Reached XP level 2. HP: 15/15 MP: 2/8
   904 | D:2      | Learned a level 2 spell: Searing Ray
  1099 | D:2      | Found a blossoming altar of Fedhas.
  1140 | D:2      | Reached XP level 3. HP: 19/19 MP: 2/10
  1145 | D:2      | Learned a level 3 spell: Dazzling Spray
  1197 | D:2      | Found a snail-covered altar of Cheibriados.
  1423 | D:3      | Found a shimmering altar of Xom.
  1423 | D:3      | Noticed Dargon's ghost (average FeTm)
  1535 | D:3      | Noticed Robin
  1551 | D:3      | Killed Dargon's ghost
  1551 | D:3      | Reached skill level 5 in Conjurations
  1551 | D:3      | Reached XP level 4. HP: 16/24 MP: 2/12
  1722 | D:3      | Noticed an ice beast
  1732 | D:3      | Killed an ice beast
  1732 | D:3      | Reached XP level 5. HP: 28/28 MP: 1/13
  1936 | D:3      | Killed Robin
  2184 | D:3      | Noticed Blork the orc
  2504 | D:3      | Killed Blork the orc
  2504 | D:3      | Reached skill level 6 in Conjurations
  2504 | D:3      | Reached XP level 6. HP: 22/32 MP: 2/15
  2517 | D:3      | Found a deep blue altar of Sif Muna.
  2791 | D:4      | Noticed Purgy
  2792 | D:4      | Noticed Pikel
  2880 | D:4      | Found a sparkling altar of Nemelex Xobeh.
  2949 | D:4      | Reached skill level 5 in Stealth
  3076 | D:4      | Reached skill level 5 in Spellcasting
  3137 | D:4      | Learned a level 4 spell: Iskenderun's Mystic Blast
  3144 | D:4      | Learned a level 5 spell: Iskenderun's Battlesphere
  3197 | D:4      | Found Huler's Assorted Antiques.
  3482 | D:5      | Entered Level 5 of the Dungeon
  3501 | D:5      | Reached XP level 7. HP: 36/36 MP: 11/16
  3658 | D:5      | Got a slimy brass amulet
  3662 | D:5      | Identified the amulet of Goiko Att {rMut Str+6} (You found it on level 5 of the Dungeon)
  3788 | D:5      | Reached skill level 1 in Charms
  3807 | D:5      | Gained mutation: Potions and wands are less effective at restoring your health. [potion of mutation]
  3807 | D:5      | Gained mutation: Armour fits poorly on your strangely shaped body. [potion of mutation]
  3807 | D:5      | Gained mutation: You possess an exceptional clarity of mind. [potion of mutation]
  3808 | D:5      | Gained mutation: You are partially covered in rough black scales (AC +4, Dex -1). [potion of mutation]
  3808 | D:5      | Gained mutation: You can spit weak poison. [potion of mutation]
  3918 | D:5      | Reached skill level 7 in Conjurations
  3983 | D:5      | Found a sand-covered staircase.
  3987 | Ossuary  | Entered an ossuary
  4128 | Ossuary  | Noticed a flying skull
  4128 | Ossuary  | Noticed a wraith
  4140 | Ossuary  | Noticed a wraith
  4146 | Ossuary  | Killed a wraith
  4158 | Ossuary  | Noticed a flying skull
  4171 | Ossuary  | Gained mutation: You have sharp fingernails. [potion of mutation]
  4171 | Ossuary  | Gained mutation: You are covered in fur (AC +1). [potion of mutation]
  4172 | Ossuary  | Gained mutation: You are frail (-10% HP). [potion of mutation]
  4188 | Ossuary  | Noticed a wraith
  4198 | Ossuary  | Killed a wraith
  4198 | Ossuary  | Reached skill level 5 in Dodging
  4288 | Ossuary  | Reached XP level 8. HP: 24/36 MP: 13/18
  4387 | Ossuary  | Noticed a flying skull
  4420 | Ossuary  | Noticed a flying skull
  4828 | D:4      | Reached skill level 8 in Conjurations
  5160 | D:4      | Killed Pikel
  5344 | D:4      | Bought a scroll labeled PUWUELEYKKA for 23 gold pieces
  5502 | D:4      | Reached skill level 5 in Charms
  5555 | D:4      | Killed Purgy
  5649 | D:4      | Reached XP level 9. HP: 40/40 MP: 15/21
  5667 | D:4      | Reached skill level 9 in Conjurations
  5828 | D:6      | Noticed Edmund
  5838 | D:6      | Killed Edmund
  6126 | D:6      | Found a snail-covered altar of Cheibriados.
  6389 | D:6      | Lost mutation: You have sharp fingernails. [potion of mutation]
  6389 | D:6      | Gained mutation: Your magical capacity is low (-10% MP). [potion of mutation]
  6389 | D:6      | Gained mutation: You are dopey. (Int -2) [potion of mutation]
  6729 | D:6      | Found a staircase to the Ecumenical Temple.
  6739 | Temple   | Entered the Ecumenical Temple
  6914 | Temple   | Became a worshipper of Vehumet
  7592 | D:7      | Reached skill level 1 in Fighting
  7596 | D:7      | Found Tiuv's Assorted Antiques.
  7607 | D:7      | Reached skill level 1 in Hexes
  7630 | D:7      | Found a burning altar of Makhleb.
  7995 | D:7      | Acquired Vehumet's first power
  7995 | D:7      | Offered knowledge of Sandblast by Vehumet.
  8058 | D:7      | Reached skill level 10 in Conjurations
  8099 | D:7      | Found a burning altar of Makhleb.
  8105 | D:7      | HP: 2/43 [something (4)]
  8111 | D:7      | HP: 2/43 [something (4)]
  8120 | D:7      | Killed an unseen horror
  8120 | D:7      | Reached XP level 10. HP: 28/47 MP: 4/22
  8934 | D:8      | Found a glowing silver altar of Zin.
  9281 | D:9      | Offered knowledge of Throw Flame by Vehumet.
  9690 | D:9      | Found a roughly hewn altar of Beogh.
  9807 | D:9      | Found an opulent altar of Gozag.
  9807 | D:9      | Found Gozag's Platinum Reserve.
  9840 | D:9      | Found a staircase to the Orcish Mines.
 10290 | D:4      | Bought a brightly glowing demon blade for 460 gold pieces
 10290 | D:4      | Identified the +9 demon blade of Unreason {drain, Int+3 Dex+3} (You bought it in a shop on level 4 of the Dungeon)
 10323 | D:5      | Reached skill level 11 in Conjurations
 10444 | D:10     | Entered Level 10 of the Dungeon
 10448 | D:10     | Noticed Joseph
 10685 | D:10     | Killed Joseph
 10685 | D:10     | Reached skill level 1 in Long Blades
 10685 | D:10     | Reached skill level 5 in Hexes
 10691 | D:10     | Offered knowledge of Throw Frost by Vehumet.
 11044 | D:10     | Found a staircase to the Lair.
 11059 | D:10     | Reached XP level 11. HP: 37/54 MP: 12/24
 11136 | D:10     | Noticed a hill giant
 11143 | D:10     | Killed a hill giant
 11160 | D:10     | Acquired Vehumet's second power
 11665 | D:11     | Offered knowledge of Stone Arrow by Vehumet.
 11990 | D:11     | Gained mutation: Your spells are a little harder to cast, but a little more powerful. [mutagenic meat]
 11992 | D:11     | Gained mutation: You are partially covered in molten scales (AC +1). [mutagenic meat]
 11994 | D:11     | Lost mutation: Armour fits poorly on your strangely shaped body. [mutagenic meat]
 11995 | D:11     | Gained mutation: You are weak. (Str -2) [mutagenic meat]
 12150 | D:11     | Noticed a three-headed hydra
 12160 | D:11     | Killed a three-headed hydra
 12160 | D:11     | Reached skill level 12 in Conjurations
 12219 | D:11     | Reached skill level 10 in Spellcasting
 12348 | D:11     | Acquired Vehumet's third power
 12621 | D:12     | Noticed Psyche
 12626 | D:12     | Killed Psyche
 12860 | D:12     | Noticed a hill giant
 12866 | D:12     | Killed a hill giant
 12958 | D:12     | Noticed Erolcha
 12964 | D:12     | Killed Erolcha
 12964 | D:12     | Reached skill level 5 in Long Blades
 12978 | D:12     | Offered knowledge of Irradiate by Vehumet.
 13209 | D:12     | Slain by a rust devil

Vault maps used:
D:1:      sevenhm_arrival_forest_fort_large_2
D:2:      nicolae_overflow_crystal_walls, minivault_24, cheibriados_altar_1
D:3:      tgw_sif, xom_butterflies, uniq_robin
D:4:      nemelex_xobeh_ov_fountains_minmay, serial_shops, kennysheep_mini_moat,
          first_bread, st_stairs_10, serial_bayou_lagoon_b, uniq_purgy,
          uniq_pikel
D:5:      enter_ossuary_5
D:6:      old_standard_altar, minmay_temple_entry_fiery, minmay_small_thing,
          uniq_edmund
D:7:      statuecave_lemuel, kennysheep_mini, serial_shops,
          nicolae_shop_crystal, bloody_makhleb
D:8:      lemuel_crystal_altar
D:9:      nicolae_gozag_zags_fifth_avenue, david_orc_5
D:10:     erik_lair_island, uniq_joseph
D:11:     hangedman_ranch
D:12:     kennysheep_generic_room_8, uniq_psyche, uniq_josephine, uniq_erolcha
Temple:   bh_familiar_temple
Ossuary:  ossuary_due_cavern

Action                   |  1- 3 |  4- 6 |  7- 9 | 10-12 || total
-------------------------+-------+-------+-------+-------++-------
Melee: Short sword       |    12 |    19 |    66 |    41 ||   138
       Demon blade       |       |       |       |    96 ||    96
 Cast: Magic Dart        |    61 |    75 |   177 |   211 ||   524
       Searing Ray       |     2 |    13 |    38 |    25 ||    78
       Iskenderun's Batt |       |       |     8 |    32 ||    40
       Dazzling Spray    |       |       |       |    20 ||    20
       Iskenderun's Myst |       |       |       |     3 ||     3
 Abil: Evoke Teleportati |       |     1 |       |       ||     1
Evoke: Wand              |       |       |     4 |    15 ||    19
  Use: Scroll            |     5 |     6 |    13 |     9 ||    33
       Potion            |       |       |     8 |     1 ||     9
 Stab: Sleeping          |       |       |     9 |     3 ||    12
  Eat: Chunk             |     2 |     2 |     7 |    23 ||    34
       Royal jelly       |       |     2 |     1 |       ||     3
       Beef jerky        |       |       |     1 |     1 ||     2
       Bread ration      |       |       |     1 |       ||     1
       Pizza             |       |       |       |     2 ||     2
